cohdb
Replays
Latest Replays
All Replays
Popular Replays
Top Player Replays
Match Explorer
How It Works
Community
CoH3 Stats
Reddit
Sign in to upload your games and track your stats! →
Sign in with Steam
Match 45728561
Unlisted
Match 45728561
Overview
Messages
Build Orders
End
Construct Infanterie Kompanie
Selects Breakthrough Battlegroup
Selects Assault Grenadiers
MG 42 Machine Gun Team
Grenadier Squad
Grenadier Squad
Grenadier Squad
Construct Panzergrenadier Kompanie
251 Medium Carrier
MG 42 Bunker
Selects 2.5-tonne Cargo Truck
2.5-tonne Cargo Truck
Grenadier Squad
MG 42 Bunker
Infanterie Officer Quarters
Selects Blitzkrieg
IIISVKIII
krouw.so
tapy.ja7
Don Pitudo
TirushOne
Anna
0
0
Comments
sign in to comment!
No comments posted yet!